 Dungeon Crawl Stone Soup version 0.22.1-2-g9c5b331 (webtiles) character file.

239 Monzz the Chopper (level 6, -4/53 HPs)
             Began as a Hill Orc Monk on Dec 15, 2018.
             Slain by an ogre
             ... wielding a +0 giant club
              (8 damage)
             ... on level 4 of the Dungeon.
             The game lasted 00:10:12 (3957 turns).

Monzz the Chopper (Hill Orc Monk)                   Turns: 3957, Time: 00:10:13

Health: -4/53      AC:  9    Str: 14 (16) XL:     6   Next: 7%
Magic:  6/6        EV: 12    Int:  9 (10) God:
Gold:   196        SH:  0    Dex: 13      Spells: 5/5 levels left

rFire    . . .     SeeInvis .   a - +0 hand axe
rCold    . . .     Gourm    .   (no shield)
rNeg     . . .     Faith    .   i - +1 chain mail
rPois    .         Spirit   .   (no helmet)
rElec    .         Reflect  .   (no cloak)
rCorr    .         Harm     .   (no gloves)
MR       .....                  (no boots)
Stlth    ..........             (no amulet)
HPRegen  0.17/turn              h - +5 ring of evasion
MPRegen  0.10/turn              (no ring)

@: hasted, very quick
A: no striking features
a: no special abilities


You were on level 4 of the Dungeon.
You were not hungry.

You visited 1 branch of the dungeon, and saw 4 of its levels.

You collected 196 gold pieces.

Inventory:

Hand Weapons
 a - a +0 hand axe (weapon)
 q - the +8 hand axe "Beetlebane" {freeze, rPois rC+, unknown}
   (You found it on level 4 of the Dungeon)

   It has been specially enchanted to freeze those struck by it, causing extra
   injury to most foes and up to half again as much damage against particularly
   susceptible opponents.
   It can also slow down cold-blooded creatures.
   It protects you from cold.
   It protects you from poison.
Missiles
 f - 6 tomahawks (quivered)
Armour
 i - a +1 chain mail (worn)
Jewellery
 h - a +5 ring of evasion (left hand)
 k - an uncursed ring of ice {unknown}
 l - an uncursed ring of ice {unknown}
 o - an uncursed ring of protection from fire {unknown}
Scrolls
 b - 2 scrolls of remove curse
 g - a scroll of teleportation
 p - a scroll of fog {unknown}
Potions
 d - a potion of flight
 j - a potion of agility {unknown}
 m - 2 potions of cancellation {unknown}
Comestibles
 c - 14 rations


   Skills:
 + Level 4.6 Fighting
 + Level 6.2 Axes
 + Level 0.1 Throwing
 + Level 2.4 Armour
 + Level 3.1 Dodging
 + Level 2.1 Stealth


You had 5 spell levels left.
You didn't know any spells.
Your spell library contained the following spells:

 Spells                   Type           Power        Failure   Level  Hunger
 Corpse Rot               Necr           N/A          100%        2    ###....
 Sublimation of Blood     Necr           #.........   100%        2    ###....
 Agony                    Necr           #.......     100%        5    ######.
 Bolt of Draining         Conj/Necr      #.........   100%        5    ######.
 Dispel Undead            Necr           #.......     100%        5    ######.
 Excruciating Wounds      Chrm/Necr      #.........   100%        5    ######.


Dungeon Overview and Level Annotations

Branches:
Dungeon (4/15)
 Temple: D:4-7

Altars:
Elyvilon
Hepliaklqana
Sif Muna
Xom


Message History

The ogre is severely wounded.
The ogre barely misses you.
You closely miss the ogre.
The ogre is severely wounded.
The ogre hits you with a giant club!
* * * LOW HITPOINT WARNING * * *
You barely miss the ogre.
The ogre is severely wounded.
The ogre misses you.
You closely miss the ogre.
The ogre is severely wounded.
Your chain mail prevents you from hitting the ogre.
The ogre is severely wounded.
The ogre barely misses you.
You barely miss the ogre.
The ogre is severely wounded.
The ogre hits you with a giant club!
* * * LOW HITPOINT WARNING * * *
You feel yourself speed up. The ogre hits you with a giant club!
You die...

##################
.................#
################.#
#O# ###@####
#......# #......#
#......# #......#
#......#########
#..............#
#.......######.#
#####...# #.#


You could see an ogre.

Vanquished Creatures
  A jelly (D:3)
  3 worker ants (D:4)
  A hound skeleton (D:4)
  2 adders (D:3)
  7 oozes (D:3)
  A worm (D:2)
  A dart slug (D:3)
  A leopard gecko (D:2)
  2 orcs (D:3)
  9 bats
  3 giant cockroaches
  6 goblins
  3 hobgoblins
  5 jackals
  10 kobolds
  2 quokkas (D:2)
  4 frilled lizards
  13 rats
74 creatures vanquished.

Vanquished Creatures (others)
  2 fungi (D:3)
  8 toadstools (D:3)
10 creatures vanquished.

Grand Total: 84 creatures vanquished

Notes
Turn   | Place    | Note
-------+----------+-------------------------------------------
     0 | D:1      | Monzz the Hill Orc Monk began the quest for the Orb.
     0 | D:1      | Reached XP level 1. HP: 19/19 MP: 1/1
   105 | D:1      | Reached XP level 2. HP: 22/27 MP: 2/2
   873 | D:1      | Reached XP level 3. HP: 31/33 MP: 3/3
  1576 | D:3      | Reached XP level 4. HP: 36/40 MP: 4/4
  2148 | D:3      | Found a hazy altar of Hepliaklqana.
  2148 | D:3      | Found a white marble altar of Elyvilon.
  2153 | D:3      | Found a deep blue altar of Sif Muna.
  2155 | D:3      | Found a faded altar of an unknown god.
  2157 | D:3      | Found a shimmering altar of Xom.
  2379 | D:3      | Reached skill level 1 in Armour
  2395 | D:3      | Reached skill level 5 in Axes
  2723 | D:3      | Reached XP level 5. HP: 16/47 MP: 5/5
  3519 | D:4      | Reached skill level 6 in Axes
  3519 | D:4      | Reached XP level 6. HP: 17/53 MP: 6/6
  3899 | D:4      | Got a warped hand axe
  3957 | D:4      | Slain by an ogre

Skill      XL: |  1  2  3  4  5 |
---------------+----------------+-----
Fighting       | 4 |  4.6
Stealth        | 2 |  2.1
Armour         | 1 2 |  2.4
Axes           | 5 6 |  6.2
Dodging        | 3 |  3.1
Throwing       | |  0.1

Action                   |  1- 3 |  4- 6 || total
-------------------------+-------+-------++-------
Melee: Hand axe          |   132 |   179 ||   311
Throw: Tomahawk          |       |     4 ||     4
  Use: Scroll            |     2 |     3 ||     5
       Potion            |       |     7 ||     7
 Stab: Sleeping          |     5 |       ||     5
  Eat: Chunk             |     2 |     4 ||     6
       Ration            |       |     1 ||     1
Armor: Robe              |     5 |       ||     5
       Ring mail         |    18 |       ||    18
       Chain mail        |    33 |    65 ||    98
Dodge: Dodged            |    94 |    90 ||   184
